 Dungeon Crawl Stone Soup version 0.14-a0-218-g24e112a (webtiles) character file.

102278 JacquesDerrida the Infuser (level 15, 104/110 HPs)
             Began as a Demonspawn Ice Elementalist on Oct 3, 2013.
             Was a High Priest of Ashenzari.
             Quit the game on Level 20 of the Dungeon on Oct 8, 2013.
             The game lasted 03:07:06 (39898 turns).

JacquesDerrida the Infuser (DsIE)                  Turns: 39898, Time: 03:07:07

HP 104/110       AC 26     Str 12      XL: 15   Next: 83%
MP  28/28        EV 13     Int 26      God: Ashenzari [*****.]
Gold 881         SH  0     Dex 18      Spells:  6 memorised,  2 levels left

Res.Fire  : + . .   See Invis. : +   r - +3 lajatang (pain) (curse)
Res.Cold  : . . .   Warding    : .   b - +2 mottled dragon armour (curse)
Life Prot.: . . .   Conserve   : .   (no shield)
Res.Poison: .       Res.Corr.  : .   g - +2 wizard hat {Int+3} (curse)
Res.Elec. : .       Clarity    : +   q - -1 cloak
Sust.Abil.: . .     Spirit.Shd : .   Y - +2 pair of gauntlets {Dex+3}
Res.Mut.  : .       Stasis     : .   l - +2 pair of dwarf boots (curse)
Res.Rott. : .       Flight     : .   C - amulet of the gourmand
Gourmand  : +                        I - cursed ring of Xotepnyss {rF+ Dex+3 Int+5}
                                     w - cursed ring of wizardry

@: very heavily drained, somewhat resistant to hostile enchantments, fairly
stealthy
A: claws 1, demonic guardian 1, nightstalker 1, jump 1, AC +10, Dex -3
a: Jump Attack, Scrying, Transfer Knowledge, Renounce Religion


You were on level 20 of the Dungeon.
You worshipped Ashenzari.
Ashenzari was extremely pleased with you.
You were full.

You visited 5 branches of the dungeon, and saw 35 of its levels.
You also visited: Labyrinth.

You collected 2657 gold pieces.
You spent 1796 gold pieces at shops.

Inventory:

Hand weapons
 r - a cursed +3,+3 lajatang of pain (weapon)
Armour
 b - a cursed +2 mottled dragon armour (worn)
 g - a cursed +2 wizard hat of intelligence (worn)
 l - a cursed +2 pair of dwarven boots (worn)
 q - a -1 cloak (worn)
 Y - a +2 pair of gauntlets of dexterity (worn)
Magical devices
 f - a wand of digging (15)
 p - a wand of draining (0)
 v - a wand of teleportation (3)
 F - a wand of lightning (0)
 L - a wand of heal wounds (0)
 X - a wand of disintegration (8)
Comestibles
 c - a bread ration
Scrolls
 k - 4 scrolls of identify
 t - a scroll of magic mapping
 J - 3 scrolls of curse armour
 P - 4 scrolls of remove curse
 Q - 2 scrolls of teleportation
 S - a scroll of fog
Jewellery
 d - the ring "Gionoon" {Fire rElec rPois}
   (You found it on level 12 of the Dungeon)

   [ring of fire]

   It insulates you from electricity.
   It protects you from poison.
 i - an uncursed amulet of warding
 w - a cursed ring of wizardry (left hand)
 z - an uncursed amulet of rage
 B - an uncursed ring of flight
 C - an amulet of the gourmand (around neck)
 E - an uncursed amulet of resist mutation
 I - the cursed ring of Xotepnyss (right hand) {rF+ Dex+3 Int+5}
   (You bought it in a shop on level 4 of the Orcish Mines)

   [ring of protection from fire]

   It affects your intelligence (+5).
   It affects your dexterity (+3).
   It has a curse placed upon it.
Potions
 m - a potion of curing
 n - a potion of confusion
 o - a potion of invisibility
 x - a potion of flight
 R - a potion of resistance
 U - a potion of restore abilities
Miscellaneous
 e - a sack of spiders
 y - a lamp of fire
 A - a fan of gales


   Skills:
 - Level 10.9(1.5) Fighting
   Level 7.0(0.0) Maces & Flails
 + Level 9.2(4.0) Staves
 - Level 10.8(3.3) Dodging
 - Level 1.7(0.0) Stealth
 - Level 5.9(0.0) Spellcasting
 - Level 1.8(0.0) Conjurations
 - Level 13.0(4.9) Charms
 + Level 6.8(0.4) Necromancy
 - Level 12.5(4.5) Ice Magic


You had 2 spell levels left.
You knew the following spells:

 Your Spells              Type           Power        Failure   Level  Hunger
a - Freeze                Ice            ###.         1%          1    ##.....
b - Ozocubu's Armour      Chrm/Ice       ###.......   3%          3    ####...
c - Condensation Shield   Ice            ###.......   8%          4    #####..
d - Haste                 Chrm           ####....     93%         6    #######
e - Regeneration          Chrm/Necr      ##........   5%          3    ####...
f - Freezing Cloud        Conj/Ice/Air   #.........   100%        6    #######


Dungeon Overview and Level Annotations

Branches:
Dungeon (20/27)            Temple (1/1) D:4             Orc (4/4) D:7
   Lair (8/8) D:12         Shoals (0/5) Lair:3        Snake (2/5) Lair:6
 Vaults (0/5) D:20
    Elf: Orc:3-4      Slime: Lair:6-8

Altars:
Ashenzari
Cheibriados
Elyvilon
Fedhas
Kikubaaqudgha
Makhleb
Nemelex Xobeh
Okawaru
Sif Muna
Trog
Vehumet
Xom
Yredelemnul
Zin
the Shining One
Beogh

Shops:
Orc:2 %   Orc:4 =[/!

Portals:
Ziggurat: D:11 (4700 gp)
Trove: D:12 (give wand of hasting (8))

Annotations:
D:10 Sonja
D:11 exclusion: 2 hydras
D:12 Fannar, Nergalle, Nessos
D:17 Jorgrun
D:19 Azrael, Wiglaf
Lair:7 exclusion: oklob plant
Snake:1 Aizul
Snake:2 exclusion: Roxanne, Kirke, Lamia, Roxanne


Innate Abilities, Weirdness & Mutations

You have sharp fingernails.
You are completely covered in rough black scales (AC +10, Dex -3).
A weak demonic guardian rushes to your aid.
You are slightly more attuned to the shadows.
You can jump attack at a short distance.


Message History

Your skin stops crawling.
You start resting.
Magic restored.
You start resting.
Unknown command.
You start resting.
Eat which item? (? for menu, Esc to quit)
You continue eating.
You finish eating.
That bread ration really hit the spot!
(D) Dungeon (T) Temple (O) Orcish Mines (L) Lair (A) Shoals (P) Snake Pit (V) Vaults
Where to? (Enter - D:19, ? - help) 2 centaurs come into view.
Ashenzari warns you: A centaur is wielding a +1,+1 elven scimitar of slicing, quivering 20 arrows of frost and carrying a +2,+0 elven longbow.
The centaur warrior shouts!
Unknown command.
You swap places.
The arrow hits your white imp.
Your white imp dies!
Are you sure you want to abandon this character and quit the game? (Confirm with "yes".)

#.#...#.#.#.#.#.# #{#
####.#####.#.###.#.#####{##
#....#.....#.#....^#.......
#....#.#####.###.#.......{#
#######....#.{.....###...c.###..#
..........>#########(..(..cc....#
#########.##.##.#...##((..{#....#
#.##.##.#...##.#.#.#.####
#.##....@...(..(.#.#.#..{
#%#####.######.#...#.#.## #)#
#......#.#.###.#{#
#.#####..###.#.#..Z..{{#
#........###.#.#..##.###
#######......#.#..##.####
##########.#..##.....
#..........#..#######
#.##########(.......#


There were no monsters in sight!

Vanquished Creatures
  Saint Roka (D:19)
  Agnes (D:14)
  Gastronok (Lair:1)
  7 vault guards (D:20)
  A dragon (Lair:8)
  A great orb of eyes (D:17)
  Harold (D:14)
  2 anacondas (Snake:1)
  The ghost of casual the Nimble, a powerful OpTm of Cheibriados (D:11)
  5 hydras
  Urug (D:10)
  A naga warrior (Snake:2)
  5 centaur warriors
  2 ogre magi
  An unseen horror (shapeshifter) (D:18)
  5 skeletal warriors (D:17)
  2 unseen horrors
  11 hill giants
  A deep troll (D:14)
  A necromancer (D:20)
  Pikel (D:8)
  2 orc knights
  2 wolf spiders
  2 giant amoebae
  8 orc sorcerers
  3 griffons
  7 cyclopes
  4 harpies (D:20)
  6 elephants
  A stone giant skeleton (D:17)
  Maurice (Orc:1)
  6 spiny frogs
  5 black mambas
  2 fire drakes (Lair:8)
  A naga mage (Snake:1)
  A wandering mushroom (D:15)
  6 trolls
  4 yaktaurs (D:17)
  A fire drake (shapeshifter) (D:13)
  10 komodo dragons
  6 polar bears (Lair:8)
  An iron troll skeleton (D:17)
  8 two-headed ogres
  3 slime creatures
  A trapdoor spider zombie (D:15)
  A griffon zombie (D:17)
  An ettin zombie (D:18)
  5 blink frogs
  33 ugly things
  2 griffon skeletons (D:12)
  A trapdoor spider (D:17)
  2 basilisks
  A tarantella (shapeshifter) (D:18)
  11 grizzly bears (Lair:8)
  4 hogs
  2 wyverns
  2 wraiths
  5 shadows
  4 steam dragons (Lair:8)
  14 yaks
  2 hill giant zombies
  10 hippogriffs
  A hill giant skeleton (D:15)
  5 hungry ghosts
  3 deep elf fighters (D:20)
  4 molten gargoyles (D:16)
  2 rock worms
  7 vampire mosquitoes
  2 manticores
  A soldier ant (D:13)
  7 wolves
  6 mottled dragons
  An agate snail zombie (D:17)
  12 nagas
  A necrophage (D:11)
  6 porcupines
  12 orc warriors
  6 black bears
  A human (D:7)
  An ice beast (D:9)
  A freezing wraith (D:20)
  3 sky beasts
  9 crocodiles
  16 ogres
  2 phantoms
  5 centaurs
  A slave (D:8)
  2 boring beetles
  A fire crab zombie (D:20)
  A rotting devil (Orc:4)
  4 lava worms (Lair:7)
  10 giant frogs
  2 brain worms
  4 wargs
  19 water moccasins
  A yaktaur zombie (D:15)
  3 big kobolds
  6 giant slugs
  8 agate snails
  A manticore skeleton (D:14)
  2 eyes of draining
  20 killer bees
  15 wights
  6 lava fish (Lair:7)
  14 orc priests
  4 goliath beetles
  A centaur zombie (D:12)
  A giant frog zombie (D:12)
  A quasit (D:5)
  A two-headed ogre zombie (D:15)
  4 jellies
  6 crimson imps
  A giant frog skeleton (D:4)
  2 warg zombies
  12 iguanas
  7 hounds
  A black bear skeleton (D:4)
  35 orc wizards
  An orange rat (D:9)
  4 scorpions
  3 killer bee zombies
  8 worker ants
  28 sheep
  A sky beast zombie (D:5)
  Ijyb (D:7)
  2 big kobold skeletons
  A mottled dragon zombie (D:12)
  A hound zombie (D:5)
  A worker ant zombie (D:5)
  51 green rats
  28 adders
  5 giant centipedes
  7 giant mites
  A worm zombie (D:5)
  2 inept feature mimics
  3 worms
  An adder skeleton (D:9)
  An adder zombie (D:8)
  3 giant eyeballs
  12 giant geckos
  133 orcs
  15 bats
  21 hobgoblins
  16 jackals
  A ball python (D:4)
  3 giant cockroaches
  5 giant newts
  3 giant spores
  12 goblins
  24 kobolds
  A kobold skeleton (D:6)
  12 orc zombies
  10 quokkas
  22 rats
  2 rat skeletons
  6 ballistomycetes
  2 plants
1006 creatures vanquished.

Vanquished Creatures (collateral kills)
  A minotaur (Lab)
  A hydra (D:13)
  Joseph (Orc:1)
  An orc sorcerer (Orc:4)
  A hill giant (D:14)
  A cyclops (D:16)
  A two-headed ogre (D:15)
  A giant firefly (shapeshifter) (D:16)
  A slime creature (D:17)
  A troll (D:13)
  A grizzly bear (Lair:8)
  An ugly thing (D:18)
  4 yaks (D:17)
  An elephant slug (Lair:8)
  A mottled dragon (D:20)
  2 ogres
  A yaktaur zombie (D:18)
  A crimson imp (D:13)
  4 orc wizards (Orc:4)
  4 green rats
  A giant centipede (Lair:3)
  7 orcs
  A goblin (Orc:1)
  A jackal (Lair:3)
  An orc zombie (Orc:4)
41 creatures vanquished.

Vanquished Creatures (others)
  A wraith (D:19)
  A fire elemental (D:17)
  A phantom (D:8)
  A slave (D:8)
  A killer bee (D:17)
  25 crimson imps
  10 spiders
  35 iron imps
  A worker ant (D:8)
  2 orc wizards (Orc:4)
  A sheep (D:19)
  An adder (Lair:8)
  25 lemures
  2 giant mites
  29 white imps
  39 ufetubi
  An orc (D:19)
  A bat (D:8)
  3 butterflies (Orc:4)
  9 fungi
  12 plants (Lair:8)
201 creatures vanquished.

Grand Total: 1248 creatures vanquished

Notes
Turn   | Place    | Note
--------------------------------------------------------------
     0 | D:1      | JacquesDerrida, the Demonspawn Ice Elementalist, began the quest for the Orb.
     0 | D:1      | Reached XP level 1. HP: 13/13 MP: 3/3
   158 | D:1      | Reached skill level 3 in Ice Magic
   433 | D:1      | Gained mutation: You are partially covered in rough black scales (AC +4, Dex -1). [demonic ancestry]
   433 | D:1      | Reached XP level 2. HP: 11/19 MP: 2/4
  1093 | D:2      | Gained mutation: You are mostly covered in rough black scales (AC +7, Dex -2). [demonic ancestry]
  1093 | D:2      | Reached XP level 3. HP: 24/24 MP: 2/5
  1153 | D:2      | Reached skill level 4 in Ice Magic
  1499 | D:2      | Reached XP level 4. HP: 30/30 MP: 1/7
  2169 | D:2      | Learned a level 3 spell: Ozocubu's Armour
  2513 | D:3      | Reached skill level 5 in Ice Magic
  2805 | D:3      | Gained mutation: You are slightly more attuned to the shadows. [demonic ancestry]
  2805 | D:3      | Reached XP level 5. HP: 35/35 MP: 0/8
  3032 | D:3      | Found a radiant altar of Vehumet.
  3034 | D:3      | Found a glowing golden altar of the Shining One.
  3034 | D:3      | Found a basalt altar of Yredelemnul.
  3139 | D:4      | Reached skill level 6 in Ice Magic
  3449 | D:4      | Reached XP level 6. HP: 31/41 MP: 2/9
  3634 | D:4      | Found a staircase to the Ecumenical Temple.
  3787 | Temple   | Entered the Ecumenical Temple
  3836 | Temple   | Became a worshipper of Ashenzari the Shackled
  3971 | D:5      | Entered Level 5 of the Dungeon
  4007 | D:5      | Reached skill level 7 in Ice Magic
  4249 | D:5      | Reached XP level 7. HP: 42/46 MP: 7/12
  4495 | D:5      | Reached skill level 1 in Fighting
  4952 | D:5      | Gained mutation: You are completely covered in rough black scales (AC +10, Dex -3). [demonic ancestry]
  4952 | D:5      | Reached XP level 8. HP: 30/55 MP: 3/16
  5275 | D:6      | Reached skill level 8 in Ice Magic
  5369 | D:6      | Got the whip "Luikyisy" {freeze, Noisy rElec Str+3}
  5370 | D:6      | Identified the +8,+6 whip "Luikyisy" {freeze, Noisy rElec Str+3} (You found it on level 6 of the Dungeon)
  5550 | D:6      | Reached skill level 9 in Ice Magic
  5975 | D:6      | Paralysed by a giant eyeball for 3 turns
  6399 | D:6      | Gained mutation: Your muscles are strong. (Str +2) [potion of mutation]
  6399 | D:6      | Gained mutation: You can jump attack at a short distance. [potion of mutation]
  6470 | D:6      | Reached skill level 10 in Ice Magic
  6578 | D:6      | Reached XP level 9. HP: 60/60 MP: 15/18
  6847 | D:7      | Found a sparkling altar of Nemelex Xobeh.
  6847 | D:7      | Found an iron altar of Okawaru.
  6922 | D:7      | Learned a level 4 spell: Condensation Shield
  6985 | D:7      | Found a burning altar of Makhleb.
  7197 | D:7      | Noticed Ijyb
  7203 | D:7      | Killed Ijyb
  7266 | D:7      | Found a staircase to the Orcish Mines.
  7268 | D:7      | Identified the Papyrus of Venomous Conjuration
  7693 | D:8      | Noticed Pikel
  7710 | D:8      | Killed Pikel
  7710 | D:8      | Reached skill level 11 in Ice Magic
  8190 | D:8      | Found a deep blue altar of Sif Muna.
  8302 | D:9      | Reached skill level 12 in Ice Magic
  8439 | D:9      | Noticed an elephant
  8452 | D:9      | Killed an elephant
  8452 | D:9      | Gained mutation: You have sharp fingernails. [demonic ancestry]
  8452 | D:9      | Reached XP level 10. HP: 46/67 MP: 16/19
  8498 | D:9      | Found a bloodstained altar of Trog.
  8573 | D:9      | Noticed an elephant
  8590 | D:9      | Killed an elephant
  8610 | D:9      | Paralysed by a potion of paralysis for 6 turns
  8644 | D:9      | Found a staircase to the Lair.
  8652 | D:9      | Noticed an elephant
  8675 | D:9      | Killed an elephant
  8876 | D:9      | Reached skill level 5 in Maces & Flails
  9341 | D:9      | the staircase to the Lair was a mimic.
  9415 | D:10     | Entered Level 10 of the Dungeon
  9415 | D:10     | Noticed Sonja
  9449 | D:10     | Noticed Urug
  9652 | D:10     | Killed Urug
 10141 | D:11     | Noticed an orc knight
 10168 | D:11     | Killed an orc knight
 10211 | D:11     | Noticed a six-headed hydra
 10292 | D:11     | Noticed an eight-headed hydra
 10308 | D:11     | Noticed a hill giant
 10336 | D:11     | Killed a hill giant
 10395 | D:11     | Reached skill level 5 in Dodging
 10413 | D:11     | Found a gateway to a ziggurat.
 10697 | D:11     | Gained mutation: A weak demonic guardian rushes to your aid. [demonic ancestry]
 10697 | D:11     | Reached XP level 11. HP: 62/72 MP: 20/20
 10736 | D:11     | Noticed casual's ghost (powerful OpTm)
 10846 | D:11     | Killed casual's ghost
 11477 | D:12     | Found a portal to a secret trove of treasure.
 11600 | D:12     | Noticed Nergalle
 11833 | D:12     | Found a labyrinth entrance.
 11841 | Lab      | Entered a labyrinth
 13209 | Lab      | Noticed a minotaur
 13221 | Lab      | Killed a minotaur
 13221 | Lab      | Reached skill level 5 in Fighting
 13229 | Lab      | Got the broad axe "Killer Bee's Curse" {speed, rN+}
 13230 | Lab      | Identified the +6,+1 broad axe "Killer Bee's Curse" {speed, rN+} (You found it in a labyrinth)
 13532 | D:12     | Found a staircase to the Lair.
 13535 | D:12     | Acquired Ashenzari's first power
 13579 | Lair:1   | Entered Level 1 of the Lair of Beasts
 13615 | Lair:1   | Upgraded the game from 0.14-a0-102-g2341383 to 0.14-a0-155-gd989017
 14424 | Lair:1   | Noticed Gastronok
 15677 | Lair:3   | Noticed a four-headed hydra
 15700 | Lair:3   | Killed a four-headed hydra
 15819 | Lair:3   | Found a staircase to the Shoals.
 16295 | Lair:4   | Reached XP level 12. HP: 67/84 MP: 14/21
 16725 | Lair:4   | Acquired Ashenzari's second power
 16888 | Lair:4   | Noticed a five-headed hydra
 16915 | Lair:4   | Killed a five-headed hydra
 16915 | Lair:4   | Reached skill level 1 in Charms
 18568 | Lair:6   | Reached skill level 5 in Spellcasting
 18645 | Lair:6   | Found a staircase to the Snake Pit.
 19367 | Lair:7   | Acquired Ashenzari's third power
 19505 | Lair:7   | Noticed a seven-headed hydra
 19519 | Lair:7   | Killed a seven-headed hydra
 19519 | Lair:7   | Reached skill level 5 in Charms
 19971 | Lair:8   | Entered Level 8 of the Lair of Beasts
 20177 | Lair:8   | Lost mutation: Your muscles are strong. (Str +2) [potion of cure mutation]
 20318 | Lair:8   | Learned a level 6 spell: Haste
 20776 | Lair:8   | Noticed a six-headed hydra
 20788 | Lair:8   | Killed a six-headed hydra
 20892 | Lair:8   | Reached XP level 13. HP: 59/91 MP: 13/26
 21262 | Lair:8   | Noticed a dragon
 21388 | Lair:8   | Killed a dragon
 22169 | Lair:1   | Learned a level 3 spell: Regeneration
 22223 | D:12     | Identified the ring "Gionoon" {Fire rElec rPois}
 22236 | D:12     | Reached skill level 10 in Charms
 22426 | D:12     | Noticed Fannar
 22426 | D:12     | Noticed Nessos
 23457 | D:13     | Identified a scroll of acquirement
 23460 | D:13     | Got the cursed cloak of Valoud {Str+5 Int-2}
 23587 | D:13     | Identified the cursed +1 cloak of Valoud {Str+5 Int-2} (You acquired it on level 13 of the Dungeon)
 23920 | Orc:1    | Entered Level 1 of the Orcish Mines
 23997 | Orc:1    | Found a roughly hewn altar of Beogh.
 24199 | Orc:1    | Noticed Maurice
 24219 | Orc:1    | Killed Maurice
 24324 | Orc:1    | Noticed Joseph
 24324 | Orc:1    | Paralysed by Joseph for 4 turns
 24354 | Orc:1    | Killed Joseph
 24655 | Orc:2    | Found Funop's Food Emporium.
 24895 | Orc:4    | Entered Level 4 of the Orcish Mines
 25175 | Orc:4    | Found Hadablom's Jewellery Shop.
 25242 | Orc:4    | Bought the ring of Xotepnyss {rF+ Dex+3 Int+5} for 1115 gold pieces
 25285 | Orc:4    | Found Bisaisch's Armour Shoppe.
 25393 | Orc:4    | Found a roughly hewn altar of Beogh.
 25656 | Orc:4    | Paralysed by an orc sorcerer for 6 turns
 25746 | Orc:4    | Found Tuasag's Magical Wand Shop.
 25746 | Orc:4    | Found Skaeqoit's Distillery.
 25760 | Orc:4    | Bought a potion of heal wounds for 45 gold pieces
 25760 | Orc:4    | Bought a potion of heal wounds for 45 gold pieces
 25760 | Orc:4    | Bought a potion of heal wounds for 45 gold pieces
 25770 | Orc:4    | Bought a wand of heal wounds (3) for 546 gold pieces
 26324 | D:14     | Entered Level 14 of the Dungeon
 26583 | D:14     | Noticed Harold
 26626 | D:14     | Reached XP level 14. HP: 94/98 MP: 22/27
 26663 | D:14     | Found a shimmering altar of Xom.
 27165 | D:14     | Found a radiant altar of Vehumet.
 27364 | D:15     | Entered Level 15 of the Dungeon
 27932 | D:15     | Acquired Ashenzari's fourth power
 28525 | D:16     | Reached skill level 13 in Charms
 28878 | D:16     | Found a shattered altar of Ashenzari.
 29265 | Lair:1   | Killed Gastronok
 30522 | D:17     | Noticed Jorgrun
 30546 | D:17     | Reached skill level 10 in Dodging
 31176 | D:17     | Identified the +1 robe "Vaehuvea" {Str+1 Dex+2}
 31723 | D:18     | Reached skill level 10 in Fighting
 31729 | D:18     | Upgraded the game from 0.14-a0-155-gd989017 to 0.14-a0-181-gf6fe0c6
 33211 | D:19     | Noticed Saint Roka
 33384 | D:14     | Noticed Agnes
 33404 | D:14     | Killed Agnes
 33674 | Lair:6   | Reached XP level 15. HP: 108/110 MP: 28/28
 33692 | Snake:1  | Entered Level 1 of the Snake Pit
 33742 | Lair:6   | Upgraded the game from 0.14-a0-181-gf6fe0c6 to 0.14-a0-218-g24e112a
 34158 | D:12     | Reached skill level 1 in Staves
 34883 | D:19     | Noticed Wiglaf
 34997 | D:19     | Identified the cursed +2,+1 crossbow of the Queen {velocity, rC- rN+}
 35051 | D:20     | Entered Level 20 of the Dungeon
 35067 | D:20     | Reached skill level 5 in Staves
 35446 | D:20     | Reached skill level 1 in Necromancy
 36094 | Lair:1   | Learned a level 6 spell: Freezing Cloud
 36406 | Snake:1  | Noticed Aizul
 36577 | Snake:2  | Identified the Compendium of Confrontation and Ice
 36580 | Snake:2  | Identified the +4,+6 morningstar of an ossuary {crush, Hunger+ +Inv rElec rF++ Int+2}
 36704 | Snake:2  | Noticed Roxanne
 36848 | Snake:2  | Noticed Kirke
 36849 | Snake:2  | Noticed Lamia
 37549 | D:14     | Killed Harold
 37824 | D:19     | Killed Saint Roka
 37833 | D:19     | Reached skill level 5 in Necromancy
 38392 | D:20     | Paralysed by miscasting Haste for 5 turns
 38732 | D:20     | Found a staircase to the Vaults.
 39274 | D:19     | Noticed Azrael
 39898 | D:20     | Quit the game

Action                   |  1- 3 |  4- 6 |  7- 9 | 10-12 | 13-15 || total
-------------------------+-------+-------+-------+-------+-------++-------
Melee: Unarmed           |     8 |       |       |       |       ||     8
       Dagger            |    19 |    11 |       |       |       ||    30
       Flail             |       |   108 |   184 |       |       ||   292
       Whip              |       |       |     8 |  1369 |  2315 ||  3692
       Lajatang          |       |       |       |       |   798 ||   798
Throw: Dart              |       |     4 |       |     1 |       ||     5
       Tomahawk          |       |       |       |     5 |       ||     5
 Cast: Freeze            |    46 |    99 |   234 |   322 |   145 ||   846
       Ozocubu's Armour  |       |     1 |     7 |    69 |   105 ||   182
       Condensation Shie |       |       |     1 |    54 |    93 ||   148
       Haste             |       |       |       |       |    12 ||    12
       Regeneration      |       |       |       |       |    35 ||    35
Invok: Scrying           |       |       |       |     1 |       ||     1
 Abil: Jump Attack       |       |       |     2 |     1 |       ||     3
       Evoke Flight      |       |       |       |     1 |       ||     1
       Evoke Berserk Rag |       |       |       |       |     1 ||     1
Evoke: Wand              |       |     1 |     9 |    30 |    54 ||    94
       Miscellaneous     |       |       |       |     4 |    11 ||    15
  Use: Scroll            |     4 |     7 |    15 |    13 |    24 ||    63
       Potion            |       |       |     7 |    15 |    17 ||    39
 Stab: Sleeping          |       |     1 |     3 |     9 |    22 ||    35
       Distracted        |       |       |       |     5 |    11 ||    16
       Fleeing           |       |       |       |     1 |     2 ||     3
